 Dungeon Crawl Stone Soup version 0.26.1-11-gd32895ea62 (webtiles) character file.

Game seed: 1591416230480877575

683 seveneves the Chopper (level 7, -10/60 HPs)
             Began as a Hill Orc Berserker on July 15, 2021.
             Was a Believer of Trog.
             Shot with an arrow by a centaur (11 damage)
             ... on level 5 of the Dungeon.
             The game lasted 00:27:36 (2584 turns).

seveneves the Chopper (Hill Orc Berserker)          Turns: 2584, Time: 00:27:37

Health: -10/60     AC:  7    Str: 21    XL:     7   Next: 61%
Magic:  7/7        EV: 12    Int:  8    God:    Trog [**....]
Gold:   264        SH:  0    Dex: 16    Spells: 6/6 levels left

rFire    . . .     SeeInvis .   C - +1 rapier (holy)
rCold    + . .     Faith    .   (no shield)
rNeg     . . .     Spirit   .   q - +0 ring mail
rPois    .         Reflect  .   g - +0 helmet of Incorporation {rC+} (curse)
rElec    .         Harm     .   (no cloak)
rCorr    .         Rampage  .   (no gloves)
Will     .....                  (no boots)
Stlth    +.........             (no amulet)
HPRegen  0.20/turn              E - +6 ring of dexterity
MPRegen  0.10/turn              (no ring)

@: no status effects
A: no striking features
a: Renounce Religion, Berserk, Trog's Hand


You were on level 5 of the Dungeon.
You worshipped Trog.
Trog was pleased with you.
You visited 1 branch of the dungeon, and saw 5 of its levels.

You collected 264 gold pieces.

Inventory:

Hand Weapons
 a - a +0 hand axe
 e - a +0 quarterstaff
 f - a +0 flail
 i - a +0 short sword
 k - a +0 hunting sling
 l - a +0 dagger
 z - a +0 whip of freezing
 C - a +1 rapier of holy wrath (weapon)
Missiles
 n - 157 stones
 o - 5 boomerangs (quivered)
 r - 44 bolts
 u - 27 sling bullets
 A - 43 arrows
 D - 12 poisoned darts
Armour
 b - a +0 animal skin
 g - the cursed +0 helmet of Incorporation (worn) {rC+}
   (You found it on level 5 of the Dungeon)

   It protects you from cold.
   It has a curse placed upon it.
 m - a +0 leather armour
 q - a +0 ring mail (worn)
 B - a +0 robe
Magical Staves
 d - an uncursed staff of fire
Jewellery
 E - a +6 ring of dexterity (left hand)
Wands
 F - a wand of random effects (18)
Scrolls
 h - 7 scrolls of identify
 p - 2 scrolls of blinking
Potions
 c - a potion of cancellation
 t - a potion of degeneration
 w - 2 potions of might {unknown}
 G - a potion of curing


   Skills:
 + Level 4.8 Fighting
 * Level 5.3 Short Blades
 + Level 5.3 Axes
 + Level 0.2 Throwing
 + Level 4.0 Armour
 + Level 2.6 Dodging
 + Level 0.8 Stealth


You had 6 spell levels left.
You didn't know any spells.
Your spell library was empty.

Dungeon Overview and Level Annotations

Branches:
Dungeon (5/15)
 Temple: D:4-7

Altars:
Gozag
Xom

Annotations:
D:4 Grinder


Message History

Trog accepts your kill.
Trog appreciates your killing of a magic user.
The centaur shoots an arrow.
The arrow hits you.
The centaur shoots an arrow.
The arrow hits you!
The centaur shoots an arrow.
The arrow closely misses you.
The centaur shoots an arrow.
The arrow hits you!
* * * LOW HITPOINT WARNING * * *
You hear an angry hiss.
You see here an arrow.
The centaur shoots an arrow.
The arrow hits you.
* * * LOW HITPOINT WARNING * * *
You see here an arrow.
The centaur shoots an arrow.
The arrow hits you!
* * * LOW HITPOINT WARNING * * *
The centaur shoots an arrow.
The arrow hits you.
* * * LOW HITPOINT WARNING * * *
You see here an arrow.
You feel yourself speed up.
The centaur shoots an arrow.
The arrow hits you!
You die...

##...## .... ##.....## ..#
##.......## ##.##
###.........####...#######
..+.........+.....)...>...
###.........####..c##### #
##.......## ##(## #
##.....## ##(## # ##...##
##@..## # ##'## #(#...# #
#.# ##.#.## #
#.#########..# ####
##........###.#
...###...#####.# #.#
##.##.....# #.# #.# #
##...#####.###.# ...#
##..#.........#


You could see a centaur.

Vanquished Creatures
  Pikel (D:4)
  An ice beast (D:5)
  A lemure (D:4)
  A hound (D:4)
  An orc wizard (D:5)
  A worker ant (D:4)
  A gnoll (D:1)
  2 adders
  An adder skeleton (D:4)
  3 worms
  A dart slug (D:1)
  A leopard gecko (D:2)
  An orc (D:4)
  A giant cockroach (D:3)
  4 hobgoblins
  4 jackals (D:3)
  2 quokkas
  3 ball pythons
  5 bats
  2 frilled lizards (D:1)
  8 goblins
  4 kobolds (D:1)
  A quokka skeleton (D:4)
  7 rats
57 creatures vanquished.

Notes
Turn   | Place    | Note
-------+----------+-------------------------------------------
     0 | D:1      | seveneves the Hill Orc Berserker began the quest for the
                  | Orb.
     0 | D:1      | Reached XP level 1. HP: 19/19 MP: 1/1
   142 | D:1      | Reached XP level 2. HP: 20/27 MP: 2/2
   556 | D:1      | Reached XP level 3. HP: 31/33 MP: 3/3
   949 | D:2      | Reached skill level 5 in Axes
  1191 | D:2      | Reached ** piety under Trog
  1304 | D:2      | Found a faded altar of an unknown god.
  1338 | D:2      | Found a shimmering altar of Xom.
  1338 | D:2      | Found a shimmering altar of Xom.
  1338 | D:2      | Found a shimmering altar of Xom.
  1575 | D:2      | Reached XP level 4. HP: 40/40 MP: 4/4
  2060 | D:4      | Reached skill level 1 in Short Blades
  2065 | D:4      | Found an opulent altar of Gozag.
  2150 | D:4      | Noticed Grinder
  2177 | D:4      | Paralysed by Grinder for 6 turns
  2232 | D:4      | Reached XP level 5. HP: 23/46 MP: 5/5
  2281 | D:4      | Noticed a lemure
  2281 | D:4      | Noticed a lemure
  2282 | D:4      | Noticed Pikel
  2282 | D:4      | Noticed a lemure
  2282 | D:4      | Noticed a lemure
  2288 | D:4      | Killed a lemure
  2293 | D:4      | Killed Pikel
  2294 | D:4      | Reached XP level 6. HP: 49/53 MP: 6/6
  2294 | D:4      | Reached XP level 7. HP: 56/60 MP: 7/7
  2427 | D:5      | Entered Level 5 of the Dungeon
  2503 | D:5      | Got a steaming helmet
  2509 | D:5      | Identified the cursed +0 helmet of Incorporation {rC+} (You
                  | found it on level 5 of the Dungeon)
  2540 | D:5      | Reached skill level 5 in Short Blades
  2582 | D:5      | HP: 3/60 [centaur/arrow (7)]
  2583 | D:5      | HP: 1/60 [centaur/arrow (3)]
  2584 | D:5      | Shot with an arrow by a centaur

Illustrated notes

Levels and vault maps discovered:
D:1:      scummos_arrival_simple_crosswalls, layout_loops_corners,
          hangedman_abyss_or_decor_lesser_grid
D:2:      layout_loops_ring, chequers_ecumenical_altar_simple, xom_redecorated
D:3:      layout_basic
D:4:      layout_basic, nicolae_gozag_cash_rules_everything_around_me,
          minmay_misc_feat_nine_boxes, uniq_pikel, uniq_grinder
D:5:      layout_loops_corners, st_stairs_4

Skill      XL: |  1  2  3  4  5  6  7 |
---------------+----------------------+-----
Fighting       | 4 |  4.8
Axes           | 5 |  5.3
Dodging        | 2 |  2.6
Short Blades   | 1 4 5 |  5.3
Armour         | 3 4 |  4.0
Throwing       | |  0.2
Stealth        | |  0.8

Action                   |  1- 3 |  4- 6 |  7- 9 || total
-------------------------+-------+-------+-------++-------
Melee: Hand axe          |    80 |       |       ||    80
       Rapier            |    11 |    77 |    30 ||   118
Throw: Boomerang         |    12 |     3 |     5 ||    20
Invok: Berserk           |       |     2 |       ||     2
       Trog's Hand       |       |     1 |       ||     1
  Use: Potion            |     5 |     2 |       ||     7
       Scroll            |       |     8 |     2 ||    10
Armor: Leather armour    |     7 |       |       ||     7
       Animal skin       |     2 |       |       ||     2
       Ring mail         |    13 |    26 |     8 ||    47
Dodge: Dodged            |    51 |    49 |    14 ||   114
